 Dungeon Crawl Stone Soup version 0.23.0-28-g6fe0f4dc8b (webtiles) character file.

Game seed: 2220406383458803201

44 1994 the Magician (level 3, -5/24 HPs)
             Began as a Mummy Wizard on Feb 26, 2019.
             Slain by an orc priest
             ... wielding a +0 flail
              (6 damage)
             ... on level 2 of the Dungeon.
             The game lasted 00:08:03 (2530 turns).

1994 the Magician (Mummy Wizard)                    Turns: 2530, Time: 00:08:04

Health: -5/24      AC:  3    Str: 10    XL:     3   Next: 39%
Magic:  2/9        EV: 12    Int: 18    God:
Gold:   70         SH:  0    Dex: 10    Spells: 10/11 levels left

rFire    x . .     SeeInvis .   e - +0 dagger (pain)
rCold    + . .     Gourm    .   (no shield)
rNeg     + + +     Faith    .   a - +0 robe
rPois    ∞         Spirit   .   d - +0 helmet
rElec    .         Reflect  .   (no cloak)
rCorr    .         Harm     .   (no gloves)
MR       .....                  (no boots)
Stlth    ++........             (no amulet)
HPRegen  0.08/turn              (no ring)
MPRegen  0.11/turn              (no ring)

@: no status effects
A: no food or potions, fire vulnerability, cold resistance 1, negative energy
resistance 3, torment resistance, unbreathing
a: no special abilities


You were on level 2 of the Dungeon.
You were not hungry.

You visited 1 branch of the dungeon, and saw 3 of its levels.

You collected 70 gold pieces.

Inventory:

Hand Weapons
 e - a +0 dagger of pain (weapon)
Armour
 a - a +0 robe (worn)
 d - a +0 helmet (worn)
 f - a +0 leather armour
Scrolls
 b - a scroll of fog {unknown}
 c - 2 scrolls of enchant armour {unknown}


   Skills:
 + Level 2.1 Dodging
 - Level 2.0 Stealth
 + Level 4.5 Spellcasting
 + Level 1.5 Conjurations
   Level 0.7 Summonings
   Level 0.7 Translocations


You had 10 spell levels left.
You knew the following spells:

 Your Spells              Type           Power        Failure   Level  Hunger
a - Magic Dart            Conj           #...         8%          1    N/A

Your spell library contained the following spells:

 Spells                   Type           Power        Failure   Level  Hunger
 Blink                    Tloc           N/A          16%         2    N/A
 Call Imp                 Summ           #.......     16%         2    N/A
 Slow                     Hex            #.......     22%         2    N/A
 Conjure Flame            Conj/Fire      #.......     30%         3    N/A
 Mephitic Cloud           Conj/Pois/Air  #.......     34%         3    N/A

Dungeon Overview and Level Annotations

Branches:
Dungeon (3/15)

Altars:
The Shining One

Annotations:
D:2 Sigmund


Innate Abilities, Weirdness & Mutations

You do not eat or drink.
Your flesh is vulnerable to fire.
You are immune to poison.
Your flesh is cold resistant. (rC+)
You are immune to negative energy. (rN+++)
You are immune to unholy pain and torment.
You can survive without breathing.


Message History

Press: ? - help, Shift-Dir - straight line, f/p - orc priest
Aim: an orc priest, wielding a +0 flail and wearing a +0 chain mail The magic dart hits the orc priest but does no damage.
The orc priest misses you.
Casting: Magic Dart (safe; 8% risk of failure)
Confirm with . or Enter, or press ? or * to list all spells.
Aiming: Magic Dart (safe; 8% risk of failure)
Press: ? - help, Shift-Dir - straight line, f/p - orc priest
Aim: an orc priest, wielding a +0 flail and wearing a +0 chain mail The magic dart hits the orc priest but does no damage.
The orc priest hits you with a +0 flail.
* * * LOW HITPOINT WARNING * * *
Casting: Magic Dart (safe; 8% risk of failure)
Confirm with . or Enter, or press ? or * to list all spells.
Aiming: Magic Dart (safe; 8% risk of failure)
Press: ? - help, Shift-Dir - straight line, f/p - orc priest
Aim: an orc priest, wielding a +0 flail and wearing a +0 chain mail The magic dart hits the orc priest but does no damage.
The orc priest hits you with a +0 flail.
You die...

######## #......# #.....†#
#......##### #
#..........## #
#......###@o# ### #..#####
##.######## ##..
..#####.#########.##.....#
#...
.........<.).........###.#
##..#
......#.#########.####
#.####..## ..###...# #.#
#..##...# ##..# #.####
##.##...## #..# #....#
#.##..##. #..# ####.#
#.##..##.


You could see an orc priest.

Vanquished Creatures
  2 worms (D:2)
  2 dart slugs
  A ball python (D:2)
  5 bats
  A giant cockroach (D:1)
  2 goblins (D:1)
  4 hobgoblins
  3 jackals (D:1)
  4 kobolds
  2 frilled lizards
  7 rats
33 creatures vanquished.

Notes
Turn   | Place    | Note
-------+----------+-------------------------------------------
     0 | D:1      | 1994 the Mummy Wizard began the quest for the Orb.
     0 | D:1      | Reached XP level 1. HP: 13/13 MP: 5/5
   264 | D:1      | Reached skill level 1 in Conjurations
   436 | D:1      | Reached XP level 2. HP: 19/19 MP: 5/7
  1020 | D:1      | Found a glowing golden altar of the Shining One.
  1499 | D:2      | Reached XP level 3. HP: 24/24 MP: 1/8
  1696 | D:2      | Noticed Sigmund
  2529 | D:2      | HP: 1/24 [orc priest/+0 flail (5)]
  2530 | D:2      | Slain by an orc priest

Skill      XL: |  1  2 |
---------------+-------+-----
Conjurations   | 1 |  1.5
Stealth        | 2 |  2.0
Dodging        | 2 |  2.1
Spellcasting   | |  4.5
Summonings     | |  0.7
Translocations | |  0.7

Action                   || total
-------------------------++-------
Melee: Dagger            ||    33
 Cast: Magic Dart        ||   107
  Use: Scroll            ||     1
Armor: Robe              ||    16
Dodge: Dodged            ||    36
